Map: Prion Terraces

Players

herO

  • Race: Protoss Protoss

sOs - Winner!

  • Race: Protoss Protoss

Event: IEM Season 10 - Taipei

VOD

https://www.youtube.com/watch?v=vI9S_zFbRSc

Description

Time

  • Played on: Feb. 1, 2016, 11:21 p.m.
  • Length: 16:30

All games in this series

Show
View Real Time Build Order
Export as new Build Order

herO Protoss 

Build Orders:  

Get SALT Encoding   

  12  0:01  Probe (Chrono Boost)  
  13  0:13  Pylon  
  13  0:17  Probe (Chrono Boost)  
  14  0:27  Probe (Chrono Boost)  
  15  0:32  Gateway  
  15  0:38  Probe (Chrono Boost)  
  15  0:42  Assimilator  
  16  0:48  Probe (Chrono Boost)  
  17  0:50  Assimilator  
  17  0:59  Probe (Chrono Boost)  
  18  1:04  Gateway  
  18  1:09  Probe (Chrono Boost)  
  19  1:20  Cybernetics Core, Probe (Chrono Boost)  
  20  1:31  Probe (Chrono Boost)  
  21  1:34  Pylon  
  21  1:42  Probe (Chrono Boost)  
  23  1:57  Mothership Core (Chrono Boost)  
  23  1:58  Stalker (Chrono Boost)  
  23  2:00  Stalker (Chrono Boost)  
  28  2:13  Warp Gate (Chrono Boost)  
  28  2:15  Probe (Chrono Boost)  
  29  2:21  Pylon  
  29  2:22  Pylon  
  29  2:28  Stalker (Chrono Boost)  
  30  2:39  Stalker  
  32  2:52  Robotics Facility  
  32  2:58  Stalker  
  34  3:10  Gateway  
  34  3:16  Stalker  
  34  3:27  Probe  
  32  3:39  Probe (Chrono Boost)  
  33  3:51  Probe (Chrono Boost)  
  33  3:52  Observer  
  35  4:02  Probe (Chrono Boost)  
  36  4:04  Nexus  
  36  4:09  Pylon  
  36  4:19  Pylon  
  36  4:27  Probe (Chrono Boost)  
  36  4:43  Robotics Bay  
  36  4:45  Probe (Chrono Boost)  
  36  4:56  Warp Prism  
  38  5:01  Probe (Chrono Boost)  
  38  5:06  Sentry  
  41  5:07  Sentry  
  41  5:11  Probe (Chrono Boost)  
  44  5:17  Probe (Chrono Boost)  
  45  5:22  Probe (Chrono Boost)  
  45  5:27  Probe (Chrono Boost)  
  47  5:29  Disruptor (Chrono Boost)  
  47  5:32  Probe (Chrono Boost)  
  51  5:39  Gravitic Drive (Chrono Boost)  
  51  5:42  Probe  
  52  5:44  Probe  
  53  5:54  Probe  
  53  5:56  Probe  
  55  5:57  Pylon  
  55  5:58  Disruptor  
  58  6:06  Probe  
  58  6:08  Probe  
  60  6:18  Probe  
  61  6:20  Probe (Chrono Boost)  
  61  6:23  Nexus  
  62  6:27  Pylon  
  62  6:30  Probe (Chrono Boost)  
  64  6:33  Disruptor  
  64  6:34  Probe (Chrono Boost)  
  67  6:41  Probe (Chrono Boost)  
  67  6:46  Probe (Chrono Boost)  
  69  6:53  Assimilator  
  69  6:54  Assimilator  
  69  6:56  Pylon  
  69  6:58  Probe (Chrono Boost)  
  71  7:01  Probe (Chrono Boost)  
  71  7:06  Stalker x2  
  71  7:07  Stalker  
  77  7:10  Probe (Chrono Boost)  
  77  7:14  Probe (Chrono Boost)  
  77  7:15  Immortal  
  79  7:21  Pylon  
  79  7:22  Probe (Chrono Boost)  
  84  7:27  Probe (Chrono Boost)  
  84  7:29  Pylon  
  85  7:34  Probe (Chrono Boost)  
  86  7:41  Stalker x3  
  86  7:44  Probe x2 (Chrono Boost)  
  94  7:47  Probe (Chrono Boost)  
  95  7:52  Immortal  
  92  8:10  Mothership Core (Chrono Boost)  
  92  8:11  Adept x3  
  96  8:14  Gateway  
  96  8:15  Gateway  
  96  8:19  Gateway  
  96  8:23  Probe (Chrono Boost)  
  96  8:25  Probe (Chrono Boost)  
  98  8:28  Probe (Chrono Boost)  
  98  8:30  Robotics Facility  
  98  8:32  Disruptor  
  102  8:42  Stalker x2  
  102  8:43  Stalker  
  111  8:48  Probe x2 (Chrono Boost)  
  111  8:50  Probe (Chrono Boost)  
  111  8:55  Pylon  
  111  8:59  Probe (Chrono Boost)  
  111  9:00  Probe (Chrono Boost)  
  111  9:02  Probe (Chrono Boost)  
  111  9:03  Pylon  
  111  9:08  Observer  
  109  9:14  Probe x2 (Chrono Boost)  
  109  9:15  Probe (Chrono Boost)  
  103  9:28  Observer (Chrono Boost)  
  102  9:31  Probe (Chrono Boost)  
  102  9:32  Probe x2 (Chrono Boost)  
  102  9:37  Immortal (Chrono Boost)  
  107  9:45  Assimilator  
  107  9:48  Assimilator, Disruptor (Chrono Boost)  
  110  9:54  Twilight Council  
  110  9:55  Pylon  
  110  10:01  Pylon  
  110  10:02  Pylon  
  110  10:03  Forge  
  110  10:27  Adept x3  
  110  10:28  Adept x2  
  120  10:34  Nexus  
  120  10:35  Disruptor (Chrono Boost)  
  116  10:39  Robotics Facility  
  119  10:53  Pylon, Protoss Ground Weapons Level 1 (Chrono Boost)  
  117  11:00  Stalker  
  117  11:01  Stalker x4  
  125  11:09  Probe  
  125  11:10  Probe x2  
  126  11:19  Probe  
  126  11:22  Probe x2  
  126  11:24  Blink  
  129  11:30  Probe  
  130  11:39  Probe  
  132  11:40  Probe x2  
  132  11:41  Stalker x6  
  136  11:55  Probe x2, Disruptor  
  136  11:56  Probe x2  
  136  11:59  Assimilator x2  
  136  12:01  Disruptor  
  141  12:05  Probe  
  141  12:06  Probe  
  146  12:08  Probe  
  145  12:16  Probe x2, Photon Cannon  
  145  12:17  Probe  
  148  12:24  Photon Cannon  
  148  12:26  Disruptor  
  148  12:27  Probe  
  148  12:28  Stalker  
  148  12:29  Stalker  
  153  12:37  Disruptor  
  159  12:45  Photon Cannon  
  159  12:46  Stalker  
  157  12:57  Disruptor  
  157  13:02  Protoss Ground Weapons Level 2 (Chrono Boost)  
  157  13:04  Stalker x2  
  157  13:05  Stalker  
  166  13:12  Disruptor  
  155  13:22  Stalker x3  
  161  13:27  Zealot x2  
  161  13:28  Zealot, Disruptor  
  161  13:31  Photon Cannon  
  170  13:37  Pylon  
  170  13:39  Pylon  
  170  13:46  Stalker x3  
  170  13:48  Disruptor  
  177  13:56  Stalker  
  177  13:57  Stalker x2  
  181  14:05  Disruptor  
  163  14:24  Disruptor  
  141  14:25  Stalker x2  
  141  14:26  Stalker x4  
  154  14:36  Disruptor  
  154  14:38  Photon Cannon  
  154  14:40  Photon Cannon  
  157  14:47  Gateway  
  157  14:48  Gateway  
  157  14:56  Stalker x5  
  157  14:59  Disruptor  
  168  15:07  Disruptor  
  169  15:25  Stalker x4  
  169  15:26  Photon Cannon  
  177  15:29  Zealot x2  
  177  15:35  Disruptor  
  115  15:59  Stalker  
  115  16:00  Stalker x2  
  111  16:13  Dark Shrine  
Show
View Real Time Build Order
Export as new Build Order

sOs Protoss - Winner!

Build Orders: 1 Gate Expand 

Get SALT Encoding   

  12  0:00  Probe (Chrono Boost)  
  13  0:11  Probe (Chrono Boost)  
  14  0:21  Pylon  
  14  0:22  Probe (Chrono Boost)  
  15  0:40  Probe (Chrono Boost)  
  16  0:43  Gateway  
  16  0:45  Assimilator  
  16  0:50  Probe (Chrono Boost)  
  17  1:01  Probe (Chrono Boost)  
  19  1:11  Probe (Chrono Boost)  
  19  1:21  Nexus  
  20  1:30  Cybernetics Core  
  20  1:32  Probe (Chrono Boost)  
  20  1:38  Assimilator  
  20  1:43  Probe (Chrono Boost)  
  21  1:48  Pylon  
  21  1:54  Probe (Chrono Boost)  
  22  2:04  Probe (Chrono Boost)  
  22  2:07  Adept (Chrono Boost)  
  22  2:08  Warp Gate (Chrono Boost)  
  25  2:16  Mothership Core  
  25  2:21  Pylon  
  27  2:28  Stalker (Chrono Boost)  
  29  2:43  Gateway  
  29  2:46  Pylon  
  29  2:53  Stalker  
  31  3:12  Gateway  
  31  3:19  Stalker  
  31  3:20  Pylon  
  32  3:50  Pylon  
  32  3:55  Probe x2  
  34  3:56  Pylon  
  32  4:05  Sentry  
  32  4:07  Probe x2 (Chrono Boost)  
  32  4:08  Sentry  
  38  4:12  Adept  
  39  4:20  Twilight Council  
  39  4:23  Probe x2 (Chrono Boost)  
  41  4:34  Probe x2 (Chrono Boost)  
  41  4:44  Probe x2 (Chrono Boost)  
  43  4:47  Phoenix  
  43  4:49  Robotics Facility  
  43  4:54  Pylon  
  43  4:55  Probe x2 (Chrono Boost)  
  45  5:00  Blink (Chrono Boost)  
  45  5:05  Probe x2 (Chrono Boost)  
  47  5:18  Probe x2 (Chrono Boost)  
  49  5:26  Sentry  
  49  5:28  Probe x2 (Chrono Boost)  
  53  5:35  Pylon  
  53  5:38  Observer  
  54  5:49  Pylon  
  54  5:53  Pylon, Probe x2 (Chrono Boost)  
  54  5:56  Stalker  
  54  5:57  Stalker x2  
  62  6:04  Pylon  
  62  6:06  Assimilator  
  62  6:07  Assimilator  
  62  6:08  Observer  
  62  6:10  Nexus  
  63  6:12  Probe  
  63  6:13  Probe  
  65  6:21  Pylon  
  65  6:22  Stalker x2  
  69  6:27  Stalker  
  69  6:28  Probe  
  72  6:33  Probe  
  73  6:46  Stalker x2  
  77  6:49  Immortal (Chrono Boost)  
  81  6:55  Gateway  
  81  7:00  Probe  
  81  7:02  Probe  
  83  7:15  Pylon, Stalker x3  
  89  7:24  Dark Shrine  
  89  7:27  Warp Prism (Chrono Boost)  
  90  7:41  Stalker x3  
  96  7:56  Probe x2  
  92  8:08  Immortal (Chrono Boost)  
  92  8:15  Stalker x3  
  98  8:21  Probe, Gateway  
  98  8:23  Gateway, Probe x2  
  101  8:28  Forge  
  101  8:33  Pylon  
  101  8:36  Robotics Bay  
  101  8:37  Dark Templar  
  101  8:38  Dark Templar  
  105  8:43  Assimilator  
  105  8:46  Dark Templar  
  107  9:02  Immortal (Chrono Boost)  
  107  9:07  Probe  
  107  9:09  Probe x2  
  108  9:18  Protoss Ground Weapons Level 1 (Chrono Boost)  
  108  9:21  Probe, Dark Templar  
  108  9:22  Probe x2  
  109  9:25  Assimilator  
  109  9:29  Robotics Facility  
  109  9:31  Probe  
  109  9:32  Photon Cannon  
  109  9:34  Probe x2  
  109  9:36  Disruptor (Chrono Boost)  
  115  9:43  Pylon  
  115  9:50  Stalker x3  
  115  9:52  Photon Cannon  
  121  9:54  Pylon  
  121  9:59  Nexus  
  121  10:01  Dark Templar  
  121  10:08  Disruptor (Chrono Boost)  
  124  10:16  Disruptor (Chrono Boost)  
  124  10:20  Stalker  
  129  10:23  Photon Cannon  
  129  10:25  Pylon  
  129  10:31  Pylon  
  129  10:38  Stalker x3  
  129  10:41  Photon Cannon  
  135  10:46  Disruptor (Chrono Boost)  
  137  10:57  Probe x2  
  139  11:04  Stalker x3  
  139  11:05  Stalker  
  139  11:08  Gateway  
  139  11:09  Charge  
  139  11:10  Gateway  
  147  11:13  Gateway  
  147  11:16  Assimilator  
  147  11:18  Assimilator  
  147  11:27  Photon Cannon  
  145  11:40  Stalker x6  
  157  11:47  Protoss Ground Weapons Level 2  
  157  11:51  Disruptor (Chrono Boost)  
  157  11:52  Disruptor (Chrono Boost)  
  157  11:53  Photon Cannon  
  163  11:55  Pylon  
  163  11:56  Photon Cannon  
  163  11:58  Pylon, Probe  
  163  12:00  Pylon  
  162  12:02  Photon Cannon  
  162  12:10  Pylon  
  162  12:12  Pylon  
  162  12:14  Pylon  
  162  12:24  Stalker x5  
  162  12:28  Observer Gravitic Boosters  
  175  12:30  Disruptor (Chrono Boost)  
  175  12:56  Zealot  
  177  13:02  Nexus  
  177  13:20  Zealot x2  
  177  13:21  Zealot x7  
  181  13:38  Disruptor x2 (Chrono Boost)  
  181  13:41  Photon Cannon  
  181  13:42  Pylon  
  181  13:43  Robotics Facility  
  181  14:01  Zealot x5  
  181  14:02  Zealot x4  
  184  14:24  Disruptor x2 (Chrono Boost)  
  142  14:31  Stalker x6  
  142  14:32  Stalker x3  
  163  14:46  Disruptor (Chrono Boost)  
  163  14:56  Stalker x5  
  163  14:57  Stalker x2  
  177  15:11  Dark Templar x2  
  181  15:16  Disruptor (Chrono Boost)  
  188  15:23  Immortal (Chrono Boost)  
  188  15:24  Zealot x4  
  188  15:25  Zealot  
  192  15:39  Zealot x2  
  165  16:00  Dark Templar x4, Zealot x3  
  165  16:01  Zealot x2  
  175  16:22  Zealot x5  

Tags
 
Add a new tag
Caveats
  • Supply blocks, unpowered buildings, or Contaminate may cause inaccurate times.
  • Supply counts are checked every 10 seconds.